cohdb
Replays
Latest Replays
All Replays
Popular Replays
Top Player Replays
Match Explorer
How It Works
Community
CoH3 Stats
Reddit
Sign in to upload your games and track your stats! →
Sign in with Steam
Match 44300256
Unlisted
Match 44300256
Overview
Messages
Build Orders
End
Pioneer Squad
Construct Infanterie Kompanie
Selects Luftwaffe Battlegroup
Selects Luftwaffe Pioneer Support
Grenadier Squad
Grenadier Squad
Fallschirmpioneer Squad Paradrop
Construct Luftwaffe Kompanie
Selects Stuka Strafing Run
221 Scout Car
Stuka Strafing Run
Selects Fallschirmjäger Squad Paradrop
Fallschirmjäger Squad Paradrop
Stuka Strafing Run
Fallschirmjäger Squad Paradrop
Pioneer Squad
Stuka Strafing Run
Medical Bunker
Construct Panzer Kompanie
matvei
GruZ
KyrSor
Daspi
guxun
Taka_nL
0
0
Comments
sign in to comment!
No comments posted yet!